 Dungeon Crawl Stone Soup version 0.29.1-13-g9f3cf754e1 (webtiles) character file.

Game seed: 12304798695819486054

88 sanboga the Chopper (level 4, -1/41 HPs)
             Began as a Minotaur Monk on Feb 2, 2023.
             Slain by Crazy Yiuf
             ... wielding a +3 quarterstaff of chaos
              (6 damage)
             ... on level 2 of the Dungeon.
             The game lasted 00:01:46 (2008 turns).

sanboga the Chopper (Minotaur Monk)                 Turns: 2008, Time: 00:01:47

Health: -1/41      AC:  3    Str: 17    XL:     4   Next: 29%
Magic:  3/3        EV: 13    Int:  7    God:
Gold:   109        SH:  0    Dex: 13    Spells: 3/3 levels left

rFire   . . .      SeeInvis .   a - +0 hand axe
rCold   . . .      Faith    .   (no shield)
rNeg    . . .      Spirit   .   b - +0 robe
rPois   +          Reflect  .   (helmet restricted)
rElec   .          Harm     .   (no cloak)
rCorr   .          Rampage  .   o - +0 pair of gloves
Will    .....                   (no boots)
Stlth   ++........              (no amulet)
HPRegen 0.13/turn               i - ring of poison resistance
MPRegen 0.08/turn               (no ring)

@: no status effects
A: horns 2, retaliatory headbutt
a: no special abilities


You were on level 2 of the Dungeon.
You visited 1 branch of the dungeon, and saw 3 of its levels.

You collected 163 gold pieces.
You spent 54 gold pieces at shops.

Inventory:

Hand Weapons
 a - a +0 hand axe (weapon)
Armour
 b - a +0 robe (worn)
 o - a +0 pair of gloves (worn)
Jewellery
 i - a ring of poison resistance (left hand)
 m - an amulet of reflection
Scrolls
 d - a scroll of butterflies {unknown}
 e - a scroll of noise {unknown}
 g - 4 scrolls of teleportation {unknown}
 h - a scroll of fear {unknown}
Potions
 c - a potion of ambrosia
 f - a potion of mutation {unknown}
 j - a potion of invisibility {unknown}
 k - a potion of berserk rage {unknown}
 l - a potion of heal wounds {unknown}
 n - a potion of flight {unknown}
 p - a potion of attraction {unknown}


   Skills:
 + Level 4.4 Fighting
 * Level 5.1 Axes
 + Level 2.1 Armour
 - Level 3.2 Dodging
 - Level 1.5 Stealth


You had 3 spell levels left.
You didn't know any spells.
Your spell library contained the following spells:

 Spells                   Type           Power      Damage    Failure   Level
 Summon Small Mammal      Summ           0%         N/A       43%         1
 Call Canine Familiar     Summ           0%         N/A       80%         3
 Summon Guardian Golem    Hex/Summ       0%         N/A       80%         3


Dungeon Overview and Level Annotations

Branches:
Dungeon (3/15)

Altars:

Shops:
D:3 [

Annotations:
D:2 Crazy Yiuf


Innate Abilities, Weirdness & Mutations

You have a pair of horns on your head.
You reflexively headbutt those who attack you in melee.


Message History

No target in view!
No target in view!
No target in view!
You see here a +0 whip.
You now have 105 gold pieces (gained 15).
You now have 109 gold pieces (gained 4).
Crazy Yiuf shouts!
Could not explore, unopened runed door.
Could not explore, unopened runed door.
No reachable target in view!
You open the door.
Sorry, you're not good enough to have a special ability.
Sorry, you're not good enough to have a special ability.
You hit Crazy Yiuf but do no damage.
Crazy Yiuf hits you with a +3 quarterstaff of chaos!
You hit Crazy Yiuf.
Crazy Yiuf is lightly wounded.
Crazy Yiuf hits you with a +3 quarterstaff of chaos!
Crazy Yiuf draws strength from your wounds!
Crazy Yiuf hits you with a +3 quarterstaff of chaos.
Crazy Yiuf burns you.
You hit Crazy Yiuf but do no damage.
You headbutt Crazy Yiuf, but do no damage.
Crazy Yiuf misses you.
You barely miss Crazy Yiuf. Your headbutt misses Crazy Yiuf.
Crazy Yiuf misses you.
You barely miss Crazy Yiuf.
Crazy Yiuf hits you with a +3 quarterstaff of chaos!
* * * LOW HITPOINT WARNING * * *
You resist with some effort.
You hit Crazy Yiuf.
Crazy Yiuf is moderately wounded.
Crazy Yiuf closely misses you.
You hit Crazy Yiuf.
Crazy Yiuf is moderately wounded.
Crazy Yiuf misses you.
You hit Crazy Yiuf.
Crazy Yiuf is heavily wounded.
Crazy Yiuf hits you with a +3 quarterstaff of chaos.
You die...

....................#
#.........
......##########.####
#........÷
..............##.#
#.........
......############
#......... ........#
#(........
......####♣♣♣♣♣
#.........
......##.#..♣.♣♣♣ ###
#.....####
.............♣..♣#...#
####### #
............♣♣♣♣@g...#
# ......#..#.♣♣
♣♣#..)# ####
......####♣♣ ### #...
......### ### #.##
......'.# #.# #.##
......### ###
#.#####.## ####### #.#
#...)...##
#.################
#.................


You could see Crazy Yiuf.

Vanquished Creatures
  2 gnolls (D:1)
  A worm (D:2)
  2 dart slugs
  3 ball pythons
  6 endoplasms
  2 giant cockroaches
  4 hobgoblins
  3 jackals (D:2)
  10 kobolds
  3 quokkas
  7 bats
  3 frilled lizards
  7 goblins
  3 rats
56 creatures vanquished.

Notes
Turn   | Place    | Note
-------+----------+-------------------------------------------
     0 | D:1      | sanboga the Minotaur Monk began the quest for the Orb.
     0 | D:1      | Reached XP level 1. HP: 19/19 MP: 0/0
   168 | D:1      | Reached skill level 4 in Axes
   168 | D:1      | Reached XP level 2. HP: 27/27 MP: 1/1
   170 | D:1      | Reached skill level 1 in Armour
   391 | D:1      | Reached XP level 3. HP: 26/33 MP: 2/2
   705 | D:1      | Found a faded altar of an unknown god.
  1105 | D:2      | Found a runed translucent door.
  1106 | D:2      | Noticed Crazy Yiuf
  1197 | D:2      | Reached XP level 4. HP: 40/40 MP: 3/3
  1209 | D:2      | Reached skill level 5 in Axes
  1657 | D:2      | You fall into a shaft and drop 1 floor!
  1671 | D:3      | Found Weixodol's Armour Shoppe.
  1679 | D:3      | Bought a +0 pair of gloves for 54 gold pieces
  2008 | D:2      | Slain by Crazy Yiuf

Illustrated notes

Levels and vault maps discovered:
D:1:      scummos_arrival_hexagon, layout_rooms,
          shapermc_ecumenical_altar_notcrosses, minivault_27, minmay_cupped
D:2:      layout_basic, uniq_crazy_yiuf_cottage
D:3:      layout_loops_cross, serial_shops, shop, nicolae_shop_advertising_works
          [nicolae_subvault_shop_adworks], shop, nicolae_shop_statue_plus,
          nicolae_shop_hallway_stairs

Skill      XL: |  1  2  3  4 |
---------------+-------------+-----
Axes           | 4 5 |  5.1
Armour         | 1 2 |  2.1
Fighting       | 4 |  4.4
Dodging        | |  3.2
Stealth        | |  1.5

Action                   |  1- 3 |  4- 6 || total
-------------------------+-------+-------++-------
Melee: Hand axe          |    73 |    50 ||   123
       Headbutt          |     7 |     7 ||    14
 Stab: Sleeping          |     1 |     1 ||     2
Armor: Robe              |    17 |     5 ||    22
Dodge: Dodged            |    47 |    23 ||    70
